 Dungeon Crawl Stone Soup version 0.18.1-6-gd335043 (webtiles) character file.

319 M4edhros the Conjurer (level 6, -9/41 HPs)
             Began as a Mummy Conjurer on May 15, 2016.
             Was an Initiate of Dithmenos.
             Mangled by an orc warrior
             ... wielding a +0 trident
              (13 damage)
             ... on level 4 of the Dungeon.
             The game lasted 00:07:43 (4457 turns).

M4edhros the Conjurer (Mummy Conjurer)              Turns: 4457, Time: 00:07:44

Health: -9/41      AC:  2    Str: 12    XL:     6   Next: 21%
Magic:  2/10       EV: 12    Int: 16    God:    Dithmenos [......]
Gold:   181        SH:  0    Dex: 12    Spells: 3 memorised, 5 levels left

rFire  x . .     SeeInvis .     o - +1 trident (venom)
rCold  + . .     Gourm    .     a - +0 robe
rNeg   + + +     Faith    .     (no shield)
rPois  ∞         Spirit   .     (no helmet)
rElec  .         Dismiss  .     (no cloak)
rCorr  .         Reflect  .     (no gloves)
SustAt .         Harm     .     (no boots)
MR     .....                    (no amulet)
Stlth  ++........               (no ring)
                                (no ring)

@: very slightly contaminated, not resistant to hostile enchantments, unstealthy
A: no food or potions, fire vulnerability, cold resistance 1, negative energy
resistance 3, torment resistance, unbreathing
a: Renounce Religion


You were on level 4 of the Dungeon.
You worshipped Dithmenos.
Dithmenos was noncommittal.
You were not hungry.

You visited 1 branch of the dungeon, and saw 4 of its levels.

You collected 181 gold pieces.

Inventory:

Hand Weapons
 c - a +0 blowgun
 o - a +1 trident of venom (weapon)
Missiles
 i - 31 poisoned needles
 n - 2 silver javelins (quivered)
 p - 22 sling bullets
Armour
 a - a +0 robe (worn)
Jewellery
 l - a +2 amulet of reflection {unknown}
Scrolls
 d - 3 scrolls of remove curse
 f - 3 scrolls of identify {unknown}
 g - a scroll of teleportation {unknown}
 h - a scroll of enchant weapon {unknown}
 j - a scroll of random uselessness {unknown}
 k - 2 scrolls of fear {unknown}
 m - a scroll of immolation {unknown}
Books
 b - a book of Conjurations

   Spells                             Type                      Level
   a - Magic Dart                     Conjuration                  1
   b - Searing Ray                    Conjuration                  2
   c - Dazzling Spray                 Conjuration/Hexes            3
   d - Fulminant Prism                Conjuration/Hexes            4
   e - Iskenderun's Mystic Blast      Conjuration                  4
   f - Iskenderun's Battlesphere      Conjuration/Charms           5


   Skills:
 - Level 1.5 Dodging
 - Level 1.5 Stealth
 - Level 3.3 Spellcasting
 + Level 5.7 Conjurations


You had 5 spell levels left.
You knew the following spells:

 Your Spells              Type           Power        Failure   Level  Hunger
a - Magic Dart            Conj           ###.         1%          1    N/A
b - Searing Ray           Conj           ###...       2%          2    N/A
c - Dazzling Spray        Conj/Hex       ##......     17%         3    N/A

Dungeon Overview and Level Annotations

Branches:
Dungeon (4/15)
 Temple: D:4-7

Altars:
Dithmenos
Makhleb
Okawaru
Trog
Xom
Zin

Shops:
D:2 *


Innate Abilities, Weirdness & Mutations

You do not eat or drink.
Your flesh is vulnerable to fire.
You are immune to poison.
Your flesh is cold resistant.
You are immune to negative energy.
You are immune to unholy pain and torment.
You can survive without breathing.


Message History

Press: ? - help, Shift-Dir - straight line, f/p - orc warrior
Aim: an orc warrior, wielding a trident and wearing a chain mail (moderately wounded)
You miscast Dazzling Spray.
You are very lightly contaminated with residual magic.
Sparks fly from your hands! The orc warrior barely misses you.
Casting: Dazzling Spray
Confirm with . or Enter, or press ? or * to list all spells.
Aiming: Dazzling Spray
Press: ? - help, Shift-Dir - straight line, f/p - orc warrior
Aim: an orc warrior, wielding a trident and wearing a chain mail (moderately wounded)
The spray of energy hits the orc warrior.
The orc warrior is heavily wounded.
The orc warrior is dazzled.
The orc warrior hits you with a trident!
* * * LOW HITPOINT WARNING * * *
Things that are here:
a dagger; a robe; an orc corpse The orc warrior is no longer blind.
The orc warrior hits you from afar with a trident!
You die...

#....#.## #.###.#.#
#o#.....#######.......#
#
#.####......)...###.#..
oo..##.####..#.#.###.#
#####
#.............#.###.# #
##o#######.......##.#
o. ####..#.#..##)# #.#
##.##..#...[...# #
##...#@.......###
#..%.)..###...#
##..o#### #...# #.....#
##.## #.....# #.#
#.....# #.# #.....# #.#
#.....# #.# ####### #.#


You could see an orc warrior.

Vanquished Creatures
  A howler monkey (D:4)
  A hound (D:4)
  An orc priest (D:4)
  2 orc wizards (D:4)
  A worker ant (D:4)
  5 adders
  2 oozes (D:1)
  A worm (D:3)
  2 giant geckos
  14 orcs
  10 goblins
  10 hobgoblins
  6 kobolds
  2 quokkas
  2 ball pythons
  6 bats
  A giant cockroach zombie (D:4)
  4 giant newts
  7 rats
78 creatures vanquished.

Vanquished Creatures (others)
  A goblin (D:1)
  A rat (D:1)
2 creatures vanquished.

Grand Total: 80 creatures vanquished

Notes
Turn   | Place    | Note
--------------------------------------------------------------
     0 | D:1      | M4edhros the Mummy Conjurer began the quest for the Orb.
     0 | D:1      | Reached XP level 1. HP: 13/13 MP: 3/3
   314 | D:1      | Reached XP level 2. HP: 11/19 MP: 1/5
   318 | D:1      | Learned a level 2 spell: Searing Ray
   891 | D:2      | Reached XP level 3. HP: 17/24 MP: 1/7
  1400 | D:2      | Found a shadowy altar of Dithmenos.
  1402 | D:2      | Found a shimmering altar of Xom.
  1446 | D:2      | Found an iron altar of Okawaru.
  1520 | D:2      | Found Zin's Purification Station.
  1541 | D:2      | Found a glowing silver altar of Zin.
  1603 | D:3      | Reached XP level 4. HP: 28/30 MP: 0/8
  2192 | D:3      | Reached skill level 4 in Conjurations
  2500 | D:3      | Found a bloodstained altar of Trog.
  2883 | D:2      | Became a worshipper of Dithmenos the Shadowed
  3061 | D:4      | Found a burning altar of Makhleb.
  3903 | D:4      | Noticed an orc warrior
  3918 | D:4      | Reached XP level 5. HP: 33/35 MP: 4/9
  3948 | D:4      | Reached skill level 5 in Conjurations
  4298 | D:4      | Learned a level 3 spell: Dazzling Spray
  4338 | D:4      | Reached XP level 6. HP: 29/41 MP: 1/10
  4457 | D:4      | Mangled by an orc warrior

Skill      XL: |  1  2  3  4  5 |
---------------+----------------+-----
Spellcasting   | 3 |  3.3
Conjurations   | 4 5 |  5.7
Dodging        | |  1.5
Stealth        | |  1.5

Action                   |  1- 3 |  4- 6 || total
-------------------------+-------+-------++-------
Melee: Unarmed           |    32 |    49 ||    81
       Trident           |       |    32 ||    32
 Cast: Magic Dart        |    52 |    75 ||   127
       Searing Ray       |     7 |     6 ||    13
       Dazzling Spray    |       |     7 ||     7
  Use: Scroll            |     2 |     1 ||     3
 Stab: Invisible         |       |     1 ||     1
Armor: Robe              |    15 |    11 ||    26
Dodge: Dodged            |    53 |    49 ||   102
